 Dungeon Crawl Stone Soup version 0.25.0-1-g7eea58d (webtiles) character file.

Game seed: 11720668964151630535

26 auberdahn the Sneak (level 3, 0/19 HPs)
             Began as a Kobold Enchanter on June 17, 2020.
             Slain by a gnoll
             ... wielding a cursed +0 whip
              (4 damage)
             ... on level 1 of the Dungeon.
             The game lasted 00:01:51 (1679 turns).

auberdahn the Sneak (Kobold Enchanter)              Turns: 1679, Time: 00:01:51

Health: 0/19       AC:  2    Str:  5    XL:     3   Next: 22%
Magic:  6/6        EV: 15    Int: 16    God:
Gold:   23         SH:  0    Dex: 16    Spells: 3/6 levels left

rFire    . . .     SeeInvis .   b - +0 short sword (venom)
rCold    . . .     Gourm    .   (shield restricted)
rNeg     . . .     Faith    .   g - +0 robe
rPois    .         Spirit   .   (no helmet)
rElec    .         Reflect  .   (no cloak)
rCorr    .         Harm     .   (no gloves)
MR       .....                  (no boots)
Stlth    +++.......             (no amulet)
HPRegen  0.06/turn              (no ring)
MPRegen  0.10/turn              (no ring)

@: no status effects
A: small, carnivore
a: no special abilities


You were on level 1 of the Dungeon.
You were completely stuffed.

You visited 1 branch of the dungeon, and saw 2 of its levels.

You collected 23 gold pieces.

Inventory:

Hand Weapons
 a - a +1 dagger
 b - a +0 short sword of venom (weapon)
 k - a +2 short sword of freezing
Armour
 g - a +0 robe (worn)
Jewellery
 e - an uncursed ring of stealth {unknown}
Scrolls
 c - a scroll of amnesia {unknown}
 l - a scroll of identify {unknown}
Potions
 f - 2 potions of curing {unknown}
 h - a potion of haste {unknown}
 i - a potion of flight {unknown}
 j - a potion of berserk rage {unknown}
Comestibles
 d - 2 rations {!d}


   Skills:
 + Level 2.9 Short Blades
 - Level 2.4 Dodging
 + Level 5.0 Stealth
 - Level 2.1 Spellcasting
 - Level 3.0 Hexes


You had 3 spell levels left.
You knew the following spells:

 Your Spells              Type           Power        Failure   Level  Hunger
a - Corona                Hex            ##.....      6%          1    #......
b - Ensorcelled Hibernat  Hex/Ice        #.....       17%         2    ###....

Your spell library contained the following spells:

 Spells                   Type           Power        Failure   Level  Hunger
 Confusing Touch          Hex            ##......     19%         3    ###....
 Tukima's Dance           Hex            ##......     19%         3    ###....
 Dazzling Flash           Conj/Hex       #.....       32%         3    ###....


Dungeon Overview and Level Annotations

Branches:
Dungeon (2/15)

Altars:


Innate Abilities, Weirdness & Mutations

You are small and have problems with some larger weapons.
You are carnivorous and can eat meat at any time.


Message History

There is an open door here.
The gnoll hits you with a cursed +0 whip!
There is a stone staircase leading up here.
The rat misses you.
The gnoll hits you with a cursed +0 whip.
* * * LOW HITPOINT WARNING * * *
The gnoll completely misses you.
You climb upwards.
There is a stone staircase leading down here.
The rat bites you but does no damage.
You closely miss the rat. The rat closely misses you.
You closely miss the rat. The rat bites you but does no damage.
You closely miss the rat. The rat misses you.
You barely miss the rat. The rat closely misses you.
You hit the rat.
You kill the rat!
The gnoll hits you with a cursed +0 whip.
* * * LOW HITPOINT WARNING * * *
The gnoll hits you with a cursed +0 whip.
You die...

..'..........# #..........#######
###..........###.................
# #...........##...........######
# #...............#+#...##.####.#
# #........##.##..#.#...##.#....#
# #...........##..#.#...##.#.##.#
############..##..#.#...##.#....#
.......# #..##..#.######.#..#.#
##.....# #...#@.#.# #.#.##.#
#.....### #.#..g.#.######.#....#
#.......# #.#.#.##.#....#.#....#
###.....# #.#[..##.#....#.#.####
#.....###+#......#....#.#.# #
####.............####....#.#)# #
....................'....#.#.# #
.###...........#>...#....#.#.# #
.# #...........####.#....#.#.# #


You could see a gnoll.

Vanquished Creatures
  2 dart slugs (D:1)
  2 leopard geckos (D:1)
  A giant cockroach (D:1)
  3 goblins (D:1)
  2 hobgoblins (D:1)
  A ball python (D:1)
  A bat (D:1)
  2 frilled lizards (D:1)
  2 kobolds (D:1)
  7 rats (D:1)
23 creatures vanquished.

Notes
Turn   | Place    | Note
-------+----------+-------------------------------------------
     0 | D:1      | auberdahn the Kobold Enchanter began the quest for the Orb.
     0 | D:1      | Reached XP level 1. HP: 10/10 MP: 3/3
   687 | D:1      | Reached XP level 2. HP: 8/15 MP: 3/5
   845 | D:1      | Learned a level 2 spell: Ensorcelled Hibernation
  1159 | D:1      | Reached XP level 3. HP: 19/19 MP: 6/6
  1511 | D:1      | Reached skill level 5 in Stealth
  1679 | D:1      | Slain by a gnoll

Illustrated notes

Levels and vault maps discovered:
D:1:      dpeg_arrival_pits, layout_basic
D:2:      layout_basic, gammafunk_temple_overflow_statue,
          nicolae_ru_path_of_blood

Skill      XL: |  1  2  3 |
---------------+----------+-----
Short Blades   | 2 |  2.9
Stealth        | 5 |  5.0
Dodging        | |  2.4
Spellcasting   | |  2.1
Hexes          | |  3.0

Action                   || total
-------------------------++-------
Melee: Dagger            ||    68
       Short sword       ||    17
 Cast: Corona            ||     5
 Stab: Sleeping          ||     7
  Eat: Chunk             ||    11
Armor: Robe              ||     6
Dodge: Dodged            ||    50
